 Dungeon Crawl Stone Soup version 0.31-a0-700-gf13585253f (webtiles) character file.

Game seed: 2098128411416460078

62319 qw the Marksgargoyle (level 15, -3/99 HPs)
             Began as a Gargoyle Hunter on Sept 7, 2023.
             Was an Elder of Okawaru.
             Slain by Rupert
             ... wielding a +2 heavy great mace
              (15 damage)
             ... on level 12 of the Dungeon.
             The game lasted 00:07:49 (16408 turns).

qw the Marksgargoyle (Gargoyle Hunter)             Turns: 16408, Time: 00:07:50

Health: -3/99      AC: 32    Str: 16    XL:     15   Next: 5%
Magic:  22/22      EV: 20    Int: 10    God:    Okawaru [****..]
Gold:   1098       SH:  5    Dex: 19    Spells: 14/14 levels left

rFire   + . .        Y - +2 arbalest (freeze)
rCold   . . .        (shield currently unavailable)
rNeg    + + +        k - +4 leather armour of the Stallion {rF+ rN+}
rPois   inf          p - +2 hat
rElec   +            h - +2 cloak
rCorr   +            i - +2 pair of gloves
SInv    .            s - +2 pair of boots
Will    +....        c - amulet of reflection
Stlth   +++          d - ring of positive energy
HPRegen 0.36/turn    q - ring of resist corrosion
MPRegen 0.18/turn

%: reflection
@: about to teleport, heroic, flying
A: sickness immunity, AC +11, big wings, negative energy resistance 1,
electricity resistance, torment resistance 1, petrification resistance, subdued
magic 1
a: Renounce Religion, Heroism, Finesse


You were on level 12 of the Dungeon.
You worshipped Okawaru.
Okawaru was greatly pleased with you.
You visited 3 branches of the dungeon, and saw 18 of its levels.

You collected 2077 gold pieces.
You spent 979 gold pieces at shops.


Innate Abilities, Weirdness & Mutations

You are immune to sickness and miasma.
Your stone body is resilient. (AC +11)
You are immune to poison.
Your large and strong wings let you fly.
You resist negative energy. (rN+)
You are resistant to electric shocks. (rElec)
You are resistant to unholy torment.
You are immune to petrification.
Your spells are a little easier to cast, but a little less powerful.


   Skills:
 - Level 13.6(18.6) Fighting
 - Level 18.0(23.0) Ranged Weapons
 - Level 8.0(13.0) Armour
 + Level 7.4(12.4) Dodging
 - Level 1.1(6.1) Stealth
 - Level 10.3 Invocations


You had 14 spell levels left.
You didn't know any spells.
Your spell library was empty.

Inventory:

Hand Weapons
 Y - a +2 arbalest of freezing (weapon)
Armour
 h - a +2 cloak (worn)
 i - a +2 pair of gloves (worn)
 k - the +4 leather armour of the Stallion (worn) {rF+ rN+}
   (You found it on level 5 of the Lair of Beasts)

   rF+:       It protects you from fire.
   rN+:       It protects you from negative energy.
 p - a +2 hat (worn)
 s - a +2 pair of boots (worn)
Jewellery
 c - an amulet of reflection (around neck)
 d - a ring of positive energy (left hand)
 q - a ring of resist corrosion (right hand)
Wands
 t - a wand of digging (4)
Scrolls
 g - 7 scrolls of identify
 l - 3 scrolls of enchant armour
 n - 2 scrolls of teleportation
Potions
 a - 3 potions of might
 b - a potion of resistance
 e - a potion of cancellation
 f - a potion of enlightenment
 j - 6 potions of curing
 o - 2 potions of haste

Dungeon Overview and Level Annotations

Branches:
Dungeon (12/15)            Temple (1/1) D:5            Lair (5/5) D:9
  Swamp (0/4) Lair:2        Snake (0/4) Lair:3        Slime (0/5) Lair:5
    Orc (0/2) D:12

Altars:
Ashenzari
Cheibriados
Dithmenos
Elyvilon
Fedhas
Gozag
Hepliaklqana
Kikubaaqudgha
Makhleb
Nemelex Xobeh
Okawaru
Qazlal
Ru
Sif Muna
Trog
Uskayaw
Vehumet
Wu Jian
Xom
Yredelemnul
Zin
The Shining One

Shops:
D:2 :   D:4 ?   D:7 ?   D:10 *

Annotations:
D:6 2 transporters, qw's ghost, novice MiHs
D:8 2 transporters, exclusion: moth of wrath, qw's ghost, novice GrHu
D:9 1 runed translucent door, qw's ghost, novice GrFi
D:12 Rupert


Message History

16397 |||
Found retreat position at -2,0 (floor) with 0 blocking monsters and 1 monsters attacking at destination at distance 2
16397 ||| RETREATING.
16398 ||| INVOKING Heroism.
You gain the combat prowess of a mighty hero.
You shoot a bolt. The bolt hits Rupert!!!
The bolt freezes Rupert!
Rupert is moderately wounded.
You block Rupert's attack.
Enter note:
16400 |||
Found retreat position at -1,0 (floor) with 0 blocking monsters and 1 monsters attacking at destination at distance 1
16400 ||| Stepping ~*~*~tactically~*~*~ (retreating).
Rupert attacks as he pursues you! You block Rupert's attack.
Enter note: You shoot a bolt.
The bolt closely misses Rupert.
The bolt hits the two-headed ogre!
The bolt freezes the two-headed ogre.
The two-headed ogre is moderately wounded.
Rupert hits you but does no damage.
You shoot a bolt. The bolt hits Rupert!
The bolt freezes Rupert.
Rupert is heavily wounded.
Rupert hits you with a +2 heavy great mace!!
You shoot a bolt. The bolt hits Rupert!!
The bolt freezes Rupert.
Rupert is heavily wounded.
Rupert hits you with a +2 heavy great mace!!
You shoot a bolt. The bolt hits Rupert.
The bolt freezes Rupert.
Rupert is severely wounded.
Rupert barely misses you.
You shoot a bolt. The bolt hits Rupert!
The bolt freezes Rupert.
Rupert is severely wounded.
Rupert hits you with a +2 heavy great mace.
You shoot a bolt. The bolt closely misses Rupert.
The bolt closely misses the two-headed ogre.
Rupert misses you.
You shoot a bolt. The bolt hits Rupert!!
The bolt freezes Rupert!
Rupert is almost dead.
Rupert hits you with a +2 heavy great mace!!!
16408 ||| READING 3 scrolls of teleportation.
As you read the scroll of teleportation, it crumbles to dust.
You feel strangely unstable.
Rupert hits you with a +2 heavy great mace!
You die...
Rupert roars with triumph.

#............ #............
. #............ ....
#.......#####+# ....
#######...<.###.....# .....
#...........#.......+.O....
#...........#....##'#@.....
#.......#####....#.....#
#.......#.@@O....#.....#
#.......####.#'###..>..#
#..........###..O......#
######.................#
#.................#
###.................
#..........#+###+#.
#..........# #..........#


You could see Rupert (berserk) and a two-headed ogre.

Vanquished Creatures
  Josephine (Lair:4)
  A fire dragon (Lair:5)
  A ghost crab (Lair:2)
  4 hydras
  2 two-headed ogres
  A boulder beetle (D:10)
  3 death yaks (Lair:5)
  4 skysharks
  A fire crab (Lair:5)
  A swamp dragon (Lair:5)
  A lindwurm (Lair:4)
  Pikel (D:8)
  An oklob plant (D:3)
  A wolf spider (Lair:5)
  Joseph (D:8)
  10 black mambas
  Maurice (D:8)
  6 elephants (Lair:1)
  Psyche (D:8)
  A guardian serpent (Lair:5)
  2 torpor snails
  20 cane toads
  A kobold demonologist (D:10)
  7 rime drakes
  6 komodo dragons
  4 trolls
  3 polar bears
  Prince Ribbit (D:8)
  3 hornets
  10 blink frogs
  6 dream sheep (Lair:5)
  4 shadows (D:10)
  15 wyverns
  3 wraiths (Lair:4)
  43 yaks
  2 steam dragons
  4 basilisks
  4 redbacks (Lair:5)
  3 acid dragons
  26 water moccasins
  A sky beast (D:6)
  An orc warrior (D:11)
  3 black bears
  2 ice beasts
  2 centaurs
  12 wolves
  5 kobold brigands
  18 bullfrogs
  3 gnoll sergeants
  4 scorpions
  11 wights
  12 killer bees
  A spectral wolf (Lair:2)
  7 electric eels
  5 orc priests
  A hound (D:6)
  4 jellies
  A sleepcap (D:4)
  Ijyb (D:4)
  4 iguanas
  10 orc wizards
  13 hell rats (Lair:3)
  4 adders
  11 gnolls
  A white imp (D:7)
  An ufetubus (D:6)
  3 worms
  2 dart slugs
  21 orcs
  5 ball pythons
  5 endoplasms
  3 goblins (D:1)
  4 hobgoblins
  4 quokkas
  2 bats (D:3)
  5 frilled lizards
  16 kobolds
  2 rats (D:3)
  A butterfly (Lair:3)
421 creatures vanquished.

Vanquished Creatures (others)
  A human (D:10)
  A kobold (D:8)
2 creatures vanquished.

Grand Total: 423 creatures vanquished

Notes
Turn   | Place    | Note
-------+----------+-------------------------------------------
     0 | D:1      | qw the Gargoyle Hunter began the quest for the Orb.
     0 | D:1      | Reached XP level 1. HP: 12/12 MP: 1/1
     0 | D:1      | 0 ||| qw: Version: 0.3-a-76-g4403597
     0 | D:1      | 0 ||| qw: Game counter: 578
     0 | D:1      | 0 ||| qw: Melee chars always use a shield: true
     0 | D:1      | 0 ||| qw: God list: Okawaru
     0 | D:1      | 0 ||| qw: Allow faded altars: false
     0 | D:1      | 0 ||| qw: Do Orc after clearing Dungeon:15 true
     0 | D:1      | 0 ||| qw: Do second Lair branch before Depths: true
     0 | D:1      | 0 ||| qw: Lair rune preference: random
     0 | D:1      | 0 ||| qw: Goals: Normal
     0 | D:1      | 0 ||| PLANNING D:1-11
   227 | D:1      | Reached XP level 2. HP: 17/17 MP: 2/2
   693 | D:1      | 693 ||| UPGRADING to +1 hat.
   698 | D:1      | 698 ||| UPGRADING to ring of positive energy.
   699 | D:1      | 699 ||| DROPPING ring of flight.
   700 | D:1      | 700 ||| READING scroll labelled DOZXYB WYDE.
   701 | D:1      | 701 ||| DROPPING scroll of butterflies.
   777 | D:2      | Found a sparkling altar of Nemelex Xobeh.
  1107 | D:2      | Found Yhobuu's Book Shoppe.
  1215 | D:2      | Reached XP level 3. HP: 21/21 MP: 3/3
  1283 | D:2      | Reached skill level 5 in Ranged Weapons
  1374 | D:2      | 1374 ||| UPGRADING to +0 pair of gloves.
  1379 | D:2      | 1379 ||| READING 2 scrolls labelled MAPLEX XOOX.
  1380 | D:2      | 1380 ||| READING scroll labelled VUNO MUSOOKUM.
  1381 | D:2      | 1381 ||| READING scroll labelled OSIOSE NESE.
  1382 | D:2      | 1382 ||| READING scroll labelled RIN INTUESEXI.
  1383 | D:2      | 1383 ||| DROPPING scroll of immolation.
  1428 | D:3      | 1428 ||| READING scroll of enchant armour.
  1428 | D:3      | 1428 ||| ENCHANTING +0 pair of gloves.
  1472 | D:3      | Found a blossoming altar of Fedhas.
  1488 | D:3      | Noticed an oklob plant
  1489 | D:3      | 1489 ||| DRINKING 2 metallic blue potions.
  1568 | D:3      | Killed an oklob plant
  1569 | D:3      | Reached XP level 4. HP: 34/34 MP: 4/4
  1569 | D:3      | Reached XP level 5. HP: 38/38 MP: 5/5
  1569 | D:3      | Reached XP level 6. HP: 44/44 MP: 6/6
  1647 | D:3      | Found a faded altar of an unknown god.
  1877 | D:3      | Identified the +7 sling of the Head {freeze, rF+ rCorr
                  | Stlth+}
  1879 | D:3      | 1879 ||| SWAPPING to +7 sling of the Head {freeze, rF+
                  | rCorr Stlth+}.
  1880 | D:3      | 1880 ||| DROPPING +0 shortbow.
  2035 | D:3      | 2035 ||| UPGRADING to +2 hat.
  2045 | D:3      | 2045 ||| DROPPING +1 hat.
  2046 | D:3      | 2046 ||| READING scroll labelled JAFUWO WECEICH.
  2049 | D:3      | 2049 ||| READING scroll labelled FEYGY NANKOIGIS.
  2150 | D:3      | 2150 ||| DRINKING 2 blue potions.
  2151 | D:3      | 2151 ||| DROPPING potion of attraction.
  2197 | D:4      | Reached XP level 7. HP: 48/48 MP: 7/7
  2204 | D:4      | Found a sparkling altar of Nemelex Xobeh.
  2397 | D:4      | 2397 ||| READING scroll of enchant armour.
  2397 | D:4      | 2397 ||| ENCHANTING +1 pair of gloves.
  2429 | D:4      | Reached skill level 6 in Ranged Weapons
  2438 | D:4      | Noticed Ijyb
  2440 | D:4      | Reached skill level 1 in Armour
  2444 | D:4      | Killed Ijyb
  2900 | D:4      | Found Rufilukk's Magic Scroll Shoppe.
  2903 | D:4      | 2903 ||| BUYING scroll of enchant armour (97 gold).
  2903 | D:4      | Bought a scroll of enchant armour for 97 gold pieces
  2903 | D:4      | 2903 ||| BUYING scroll of enchant armour (97 gold).
  2903 | D:4      | Bought a scroll of enchant armour for 97 gold pieces
  2903 | D:4      | 2903 ||| SHOPLISTING scroll of identify (26 gold, have 10).
  2903 | D:4      | 2903 ||| READING scroll labelled ZORISK VUAWOSS.
  2904 | D:4      | 2904 ||| DRINKING 2 metallic inky potions.
  2904 | D:4      | Gained mutation: You possess an exceptional clarity of
                  | mind. [potion of mutation]
  2904 | D:4      | Gained mutation: You are dopey. (Int -2) [potion of
                  | mutation]
  2904 | D:4      | Gained mutation: You are frail. (-10% HP) [potion of
                  | mutation]
  2904 | D:4      | Gained mutation: You are partially covered in large bone
                  | plates. (SH +4) [potion of mutation]
  2905 | D:4      | 2905 ||| DRINKING potion of mutation.
  2905 | D:4      | Lost mutation: You are dopey. (Int -2) [potion of mutation]
  2905 | D:4      | Lost mutation: You possess an exceptional clarity of mind.
                  | [potion of mutation]
  2905 | D:4      | Lost mutation: You are frail. (-10% HP) [potion of
                  | mutation]
  2905 | D:4      | Gained mutation: Your spells are a little easier to cast,
                  | but a little less powerful. [potion of mutation]
  2905 | D:4      | Lost mutation: You are partially covered in large bone
                  | plates. (SH +4) [potion of mutation]
  2940 | D:5      | Entered Level 5 of the Dungeon
  2943 | D:5      | Found a staircase to the Ecumenical Temple.
  2944 | D:5      | 2944 ||| PLANNING TEMPLE
  2949 | Temple   | Entered the Ecumenical Temple
  2950 | Temple   | 2950 ||| PLANNING OKAWARU WORSHIP
  2958 | Temple   | Became a worshipper of Warmaster Okawaru
  2959 | Temple   | 2959 ||| PLANNING D:1-11
  3199 | D:5      | 3199 ||| STAIRDANCE
  3295 | D:4      | 3295 ||| DRINKING 2 bubbling emerald potions.
  3296 | D:4      | 3296 ||| DROPPING potion of brilliance.
  3487 | D:5      | 3487 ||| Stepping ~*~*~tactically~*~*~ (outnumbered).
  3491 | D:5      | Reached skill level 7 in Ranged Weapons
  3755 | D:5      | Reached XP level 8. HP: 53/53 MP: 8/8
  3797 | D:5      | Found a burning altar of Makhleb.
  3845 | D:5      | Reached * piety under Okawaru
  3847 | D:5      | 3847 ||| READING scroll labelled PYRUTA ZITRA.
  3942 | D:6      | Reached skill level 1 in Invocations
  4311 | D:6      | Noticed a hornet
  4333 | D:6      | Found a transporter.
  4337 | D:6      | Found a transporter.
  4507 | D:6      | Reached skill level 3 in Invocations
  4509 | D:6      | Noticed a queen bee
  4575 | D:6      | Noticed qw's ghost (novice MiHs)
  4650 | D:6      | 4650 ||| READING 2 scrolls of identify.
  4650 | D:6      | 4650 ||| IDENTIFYING dark potion
  4651 | D:6      | 4651 ||| DROPPING potion of ambrosia.
  4675 | D:7      | 4675 ||| RETREATING.
  4685 | D:7      | 4685 ||| INVOKING Heroism.
  4688 | D:7      | Reached skill level 8 in Ranged Weapons
  4794 | D:7      | 4794 ||| INVOKING Heroism.
  4851 | D:7      | 4851 ||| INVOKING Heroism.
  5002 | D:7      | Found Wesety's Magic Scroll Shoppe.
  5005 | D:7      | 5005 ||| RETREATING.
  5017 | D:7      | Reached XP level 9. HP: 51/57 MP: 12/12
  5024 | D:7      | Reached skill level 9 in Ranged Weapons
  5048 | D:7      | 5048 ||| BUYING scroll of enchant armour (97 gold).
  5048 | D:7      | Bought a scroll of enchant armour for 97 gold pieces
  5048 | D:7      | 5048 ||| SHOPLISTING scroll of identify (26 gold, have 8).
  5048 | D:7      | 5048 ||| SHOPLISTING scroll of teleportation (39 gold, have
                  | 8).
  5136 | D:7      | 5136 ||| INVOKING Heroism.
  5164 | D:7      | Found a shadowy altar of Dithmenos.
  5274 | D:7      | 5274 ||| UPGRADING to +0 ring mail.
  5284 | D:7      | 5284 ||| DROPPING +0 leather armour.
  5285 | D:7      | 5285 ||| DRINKING 2 red potions.
  5321 | D:7      | 5321 ||| READING 3 scrolls of identify.
  5321 | D:7      | 5321 ||| IDENTIFYING fizzy green potion
  5322 | D:7      | 5322 ||| READING 2 scrolls of identify.
  5322 | D:7      | 5322 ||| IDENTIFYING orange potion
  5323 | D:7      | 5323 ||| DROPPING potion of degeneration.
  5324 | D:7      | 5324 ||| DROPPING potion of lignification.
  5354 | D:8      | Noticed Psyche
  5355 | D:8      | 5355 ||| RETREATING.
  5356 | D:8      | 5356 ||| INVOKING Heroism.
  5363 | D:8      | 5363 ||| Stepping ~*~*~tactically~*~*~ (retreating).
  5364 | D:8      | Killed Psyche
  5364 | D:8      | Reached ** piety under Okawaru
  5365 | D:8      | Reached skill level 3 in Armour
  5365 | D:8      | 5365 ||| STAIRDANCE
  5377 | D:8      | 5377 ||| STAIRDANCE
  5385 | D:8      | 5385 ||| STAIRDANCE
  5393 | D:8      | 5393 ||| STAIRDANCE
  5398 | D:7      | Reached skill level 10 in Ranged Weapons
  5405 | D:8      | 5405 ||| STAIRDANCE
  5441 | D:8      | 5441 ||| STAIRDANCE
  5462 | D:8      | 5462 ||| STAIRDANCE
  5500 | D:8      | Noticed Prince Ribbit
  5501 | D:8      | 5501 ||| INVOKING Heroism.
  5515 | D:8      | Killed Prince Ribbit
  5516 | D:8      | Reached skill level 11 in Ranged Weapons
  5524 | D:8      | Noticed Pikel
  5525 | D:8      | 5525 ||| RETREATING.
  5527 | D:8      | 5527 ||| INVOKING Heroism.
  5529 | D:8      | 5529 ||| Stepping ~*~*~tactically~*~*~ (retreating).
  5530 | D:8      | 5530 ||| Stepping ~*~*~tactically~*~*~ (retreating).
  5531 | D:8      | 5531 ||| Stepping ~*~*~tactically~*~*~ (retreating).
  5532 | D:8      | 5532 ||| Stepping ~*~*~tactically~*~*~ (retreating).
  5535 | D:8      | Killed Pikel
  5536 | D:8      | Reached XP level 10. HP: 63/63 MP: 11/13
  5623 | D:8      | 5623 ||| RETREATING.
  5688 | D:8      | 5688 ||| Stepping ~*~*~tactically~*~*~ (outnumbered).
  5960 | D:8      | Reached *** piety under Okawaru
  5971 | D:8      | Noticed Joseph
  5979 | D:8      | 5979 ||| INVOKING Heroism.
  5980 | D:8      | Killed Joseph
  6076 | D:8      | Found a bloodstained altar of Trog.
  6076 | D:8      | Noticed qw's ghost (novice GrHu)
  6080 | D:8      | Found a transporter.
  6089 | D:8      | Found a transporter.
  6100 | D:8      | Noticed a moth of wrath
  6112 | D:8      | Noticed Maurice
  6114 | D:8      | 6114 ||| DRINKING 4 potions of curing.
  6114 | D:8      | 6114 ||| (to cure confusion)
  6123 | D:8      | Killed Maurice
  6332 | D:8      | Noticed a moth of wrath
  6333 | D:8      | 6333 ||| UPGRADING to +2 ring mail of fire resistance.
  6343 | D:8      | 6343 ||| UPGRADING to +0 cloak.
  6348 | D:8      | 6348 ||| DROPPING +0 ring mail.
  6349 | D:8      | 6349 ||| READING 4 scrolls of enchant armour.
  6349 | D:8      | 6349 ||| ENCHANTING +0 cloak.
  6350 | D:8      | 6350 ||| READING 3 scrolls of enchant armour.
  6350 | D:8      | 6350 ||| ENCHANTING +1 cloak.
  6351 | D:8      | 6351 ||| READING scroll labelled LEUDOY KUMADA.
  6352 | D:8      | 6352 ||| FLEEEEING.
  6362 | D:8      | 6362 ||| STAIRDANCE
  6389 | D:7      | 6389 ||| READING scroll labelled KOAM VUAMU.
  6390 | D:7      | 6390 ||| READING 2 scrolls of identify.
  6390 | D:7      | 6390 ||| IDENTIFYING white potion
  6454 | D:9      | Found a broken altar of Ashenzari.
  6461 | D:9      | 6461 ||| RETREATING.
  6469 | D:9      | 6469 ||| Stepping ~*~*~tactically~*~*~ (retreating).
  6471 | D:9      | 6471 ||| Stepping ~*~*~tactically~*~*~ (retreating).
  6477 | D:9      | Reached skill level 12 in Ranged Weapons
  6604 | D:9      | Noticed qw's ghost (novice GrFi)
  6605 | D:9      | Found a runed translucent door.
  6621 | D:9      | Found a basalt altar of Yredelemnul.
  6622 | D:9      | Found a staircase to the Lair.
  6711 | D:9      | 6711 ||| INVOKING Heroism.
  6784 | D:9      | Found a hide-covered altar of Uskayaw.
  6921 | D:9      | 6921 ||| RETREATING.
  6926 | D:9      | Reached **** piety under Okawaru
  6938 | D:9      | 6938 ||| INVOKING Heroism.
  6940 | D:9      | Reached skill level 13 in Ranged Weapons
  6940 | D:9      | Reached XP level 11. HP: 45/68 MP: 11/14
  7067 | D:9      | Noticed a two-headed ogre
  7067 | D:9      | 7067 ||| INVOKING Heroism.
  7075 | D:9      | Killed a two-headed ogre
  7163 | D:9      | 7163 ||| Stepping ~*~*~tactically~*~*~ (outnumbered).
  7165 | D:9      | 7165 ||| Stepping ~*~*~tactically~*~*~ (outnumbered).
  7167 | D:9      | 7167 ||| Stepping ~*~*~tactically~*~*~ (outnumbered).
  7241 | D:9      | 7241 ||| FLEEEEING.
  7242 | D:9      | 7242 ||| FLEEEEING.
  7243 | D:9      | 7243 ||| FLEEEEING.
  7433 | D:9      | 7433 ||| PLANNING LAIR
  7433 | D:9      | 7433 ||| UPGRADING to +0 pair of boots.
  7438 | D:9      | 7438 ||| UPGRADING to +1 pair of boots.
  7448 | D:9      | 7448 ||| DROPPING +0 pair of boots.
  7449 | D:9      | 7449 ||| READING 2 scrolls of enchant armour.
  7449 | D:9      | 7449 ||| ENCHANTING +1 pair of boots.
  7450 | D:9      | 7450 ||| READING scroll labelled KESIMM LIVOE.
  7482 | Lair:1   | Entered Level 1 of the Lair of Beasts
  7483 | Lair:1   | 7483 ||| RETREATING.
  7485 | Lair:1   | 7485 ||| INVOKING Heroism.
  7497 | Lair:1   | Reached skill level 9 in Fighting
  7499 | Lair:1   | Reached skill level 6 in Invocations
  7515 | Lair:1   | 7515 ||| FLEEEEING.
  7516 | Lair:1   | 7516 ||| FLEEEEING.
  7517 | Lair:1   | 7517 ||| STAIRDANCE
  7662 | Lair:1   | 7662 ||| INVOKING Heroism.
  7777 | Lair:1   | 7777 ||| Stepping ~*~*~tactically~*~*~ (outnumbered).
  7781 | Lair:1   | 7781 ||| Stepping ~*~*~tactically~*~*~ (retreating).
  7782 | Lair:1   | 7782 ||| Stepping ~*~*~tactically~*~*~ (retreating).
  7783 | Lair:1   | 7783 ||| Stepping ~*~*~tactically~*~*~ (retreating).
  7800 | Lair:1   | 7800 ||| INVOKING Heroism.
  7872 | Lair:1   | 7872 ||| RETREATING.
  7966 | Lair:1   | 7966 ||| INVOKING Heroism.
  8055 | Lair:1   | 8055 ||| INVOKING Heroism.
  8139 | Lair:1   | Reached ***** piety under Okawaru
  8147 | Lair:1   | Received a gift from Okawaru
  8148 | Lair:1   | 8148 ||| FLEEEEING.
  8149 | Lair:1   | 8149 ||| FLEEEEING.
  8150 | Lair:1   | 8150 ||| FLEEEEING.
  8151 | Lair:1   | 8151 ||| FLEEEEING.
  8152 | Lair:1   | 8152 ||| FLEEEEING.
  8153 | Lair:1   | 8153 ||| FLEEEEING.
  8154 | Lair:1   | 8154 ||| FLEEEEING.
  8155 | Lair:1   | 8155 ||| FLEEEEING.
  8156 | Lair:1   | 8156 ||| FLEEEEING.
  8157 | Lair:1   | 8157 ||| FLEEEEING.
  8158 | Lair:1   | 8158 ||| FLEEEEING.
  8159 | Lair:1   | 8159 ||| FLEEEEING.
  8160 | Lair:1   | 8160 ||| FLEEEEING.
  8161 | Lair:1   | 8161 ||| FLEEEEING.
  8162 | Lair:1   | 8162 ||| FLEEEEING.
  8163 | Lair:1   | 8163 ||| FLEEEEING.
  8164 | Lair:1   | 8164 ||| FLEEEEING.
  8165 | Lair:1   | 8165 ||| FLEEEEING.
  8166 | Lair:1   | 8166 ||| FLEEEEING.
  8167 | Lair:1   | 8167 ||| FLEEEEING.
  8168 | Lair:1   | 8168 ||| STAIRDANCE
  8204 | D:9      | 8204 ||| READING scroll labelled WIUCUTH ZATAICE.
  8205 | D:9      | 8205 ||| READING scroll labelled DOTEUP WACAP.
  8206 | D:9      | 8206 ||| READING 2 scrolls of identify.
  8206 | D:9      | 8206 ||| IDENTIFYING fuming sapphire potion
  8207 | D:9      | 8207 ||| DRINKING potion of experience.
  8207 | D:9      | Reached skill level 14 in Ranged Weapons
  8207 | D:9      | Reached XP level 12. HP: 76/76 MP: 17/19
  8304 | Lair:1   | 8304 ||| SWAPPING to +2 arbalest of flaming.
  8305 | Lair:1   | 8305 ||| DROPPING +7 sling of the Head {freeze, rF+ rCorr
                  | Stlth+}.
  8643 | Lair:1   | 8643 ||| DROPPING +1 ring mail of poison resistance.
  8644 | Lair:1   | 8644 ||| UPGRADING to ring of resist corrosion.
  8671 | Lair:2   | 8671 ||| INVOKING Heroism.
  8839 | Lair:2   | 8839 ||| INVOKING Heroism.
  8841 | Lair:2   | Reached skill level 15 in Ranged Weapons
  8841 | Lair:2   | Reached XP level 13. HP: 54/82 MP: 17/20
  9050 | Lair:2   | 9050 ||| INVOKING Heroism.
  9057 | Lair:2   | Reached skill level 6 in Armour
  9324 | Lair:2   | Found a staircase to the Swamp.
  9326 | Lair:2   | 9326 ||| RETREATING.
  9331 | Lair:2   | 9331 ||| INVOKING Heroism.
  9335 | Lair:2   | Received a gift from Okawaru
  9965 | Lair:2   | 9965 ||| READING scroll labelled NEAD NON IGYEPN.
 10020 | Lair:3   | 10020 ||| Stepping ~*~*~tactically~*~*~ (retreating).
 10021 | Lair:3   | 10021 ||| Stepping ~*~*~tactically~*~*~ (retreating).
 10022 | Lair:3   | 10022 ||| Stepping ~*~*~tactically~*~*~ (retreating).
 10023 | Lair:3   | 10023 ||| Stepping ~*~*~tactically~*~*~ (retreating).
 10024 | Lair:3   | 10024 ||| INVOKING Heroism.
 10027 | Lair:3   | Reached skill level 16 in Ranged Weapons
 10114 | Lair:3   | Found a staircase to the Snake Pit.
 10152 | Lair:3   | 10152 ||| INVOKING Heroism.
 10206 | Lair:3   | 10206 ||| INVOKING Heroism.
 10212 | Lair:3   | 10212 ||| RETREATING.
 10219 | Lair:3   | 10219 ||| Stepping ~*~*~tactically~*~*~ (retreating).
 10220 | Lair:3   | 10220 ||| Stepping ~*~*~tactically~*~*~ (retreating).
 10221 | Lair:3   | 10221 ||| Stepping ~*~*~tactically~*~*~ (retreating).
 10223 | Lair:3   | 10223 ||| Stepping ~*~*~tactically~*~*~ (retreating).
 10224 | Lair:3   | 10224 ||| Stepping ~*~*~tactically~*~*~ (retreating).
 10225 | Lair:3   | 10225 ||| Stepping ~*~*~tactically~*~*~ (retreating).
 10226 | Lair:3   | 10226 ||| Stepping ~*~*~tactically~*~*~ (retreating).
 10229 | Lair:3   | 10229 ||| Stepping ~*~*~tactically~*~*~ (retreating).
 10252 | Lair:3   | 10252 ||| INVOKING Heroism.
 10501 | Lair:3   | 10501 ||| RETREATING.
 10710 | Lair:3   | 10710 ||| Stepping ~*~*~tactically~*~*~ (retreating).
 10711 | Lair:3   | 10711 ||| Stepping ~*~*~tactically~*~*~ (retreating).
 10712 | Lair:3   | 10712 ||| Stepping ~*~*~tactically~*~*~ (retreating).
 10713 | Lair:3   | 10713 ||| Stepping ~*~*~tactically~*~*~ (retreating).
 10714 | Lair:3   | 10714 ||| Stepping ~*~*~tactically~*~*~ (retreating).
 10715 | Lair:3   | 10715 ||| Stepping ~*~*~tactically~*~*~ (retreating).
 10716 | Lair:3   | 10716 ||| Stepping ~*~*~tactically~*~*~ (retreating).
 11129 | Lair:3   | 11129 ||| READING scroll labelled MIUCUJ TEORU.
 11129 | Lair:3   | Identified a scroll of acquirement
 11129 | Lair:3   | 11129 ||| ACQUIRING 829 gold pieces
 11129 | Lair:3   | Acquired 829 gold pieces
 11242 | Lair:4   | Noticed Josephine
 11245 | Lair:4   | 11245 ||| RETREATING.
 11257 | Lair:4   | Killed Josephine
 11272 | Lair:4   | 11272 ||| RETREATING.
 11273 | Lair:4   | 11273 ||| INVOKING Heroism.
 11281 | Lair:4   | Reached skill level 17 in Ranged Weapons
 11388 | Lair:4   | 11388 ||| RETREATING.
 11456 | Lair:4   | 11456 ||| FLEEEEING.
 11457 | Lair:4   | 11457 ||| FLEEEEING.
 11458 | Lair:4   | 11458 ||| FLEEEEING.
 11459 | Lair:4   | 11459 ||| FLEEEEING.
 11460 | Lair:4   | 11460 ||| FLEEEEING.
 11461 | Lair:4   | 11461 ||| FLEEEEING.
 11462 | Lair:4   | 11462 ||| STAIRDANCE
 11466 | Lair:4   | 11466 ||| STAIRDANCE
 11470 | Lair:4   | 11470 ||| INVOKING Heroism.
 11582 | Lair:4   | 11582 ||| INVOKING Heroism.
 11666 | Lair:4   | 11666 ||| INVOKING Heroism.
 11719 | Lair:4   | 11719 ||| INVOKING Heroism.
 11723 | Lair:4   | 11723 ||| Stepping ~*~*~tactically~*~*~ (retreating).
 11728 | Lair:4   | Received a gift from Okawaru
 11728 | Lair:4   | Found the +18 Lear's hauberk
 11729 | Lair:4   | Gained mutation: Your large and strong wings let you fly.
                  | [Gargoyle growth]
 11729 | Lair:4   | Reached XP level 14. HP: 83/90 MP: 19/21
 12326 | Lair:4   | 12326 ||| INVOKING Heroism.
 12329 | Lair:4   | Reached skill level 18 in Ranged Weapons
 12616 | Lair:4   | 12616 ||| READING scroll labelled VUMANN HUCVIZUOQ.
 12617 | Lair:4   | 12617 ||| READING 4 scrolls of identify.
 12617 | Lair:4   | 12617 ||| IDENTIFYING grey potion
 12639 | Lair:5   | Entered Level 5 of the Lair of Beasts
 12647 | Lair:5   | 12647 ||| INVOKING Heroism.
 12648 | Lair:5   | 12648 ||| INVOKING Finesse.
 12649 | Lair:5   | 12649 ||| RETREATING.
 12652 | Lair:5   | 12652 ||| Stepping ~*~*~tactically~*~*~ (retreating).
 12895 | Lair:5   | Reached skill level 12 in Fighting
 12895 | Lair:5   | 12895 ||| Stepping ~*~*~tactically~*~*~ (cloud).
 12981 | Lair:5   | 12981 ||| RETREATING.
 12990 | Lair:5   | 12990 ||| Stepping ~*~*~tactically~*~*~ (retreating).
 13143 | Lair:5   | 13143 ||| Stepping ~*~*~tactically~*~*~ (retreating).
 13144 | Lair:5   | 13144 ||| Stepping ~*~*~tactically~*~*~ (retreating).
 13145 | Lair:5   | 13145 ||| Stepping ~*~*~tactically~*~*~ (retreating).
 13146 | Lair:5   | 13146 ||| Stepping ~*~*~tactically~*~*~ (retreating).
 13147 | Lair:5   | 13147 ||| Stepping ~*~*~tactically~*~*~ (retreating).
 13148 | Lair:5   | 13148 ||| Stepping ~*~*~tactically~*~*~ (retreating).
 13152 | Lair:5   | 13152 ||| INVOKING Heroism.
 13160 | Lair:5   | HP: 15/92 [wyvern (9)]
 13161 | Lair:5   | 13161 ||| READING 4 scrolls of teleportation.
 13522 | Lair:5   | 13522 ||| RETREATING.
 13530 | Lair:5   | Reached skill level 6 in Dodging
 13544 | Lair:5   | 13544 ||| RETREATING.
 13551 | Lair:5   | 13551 ||| Stepping ~*~*~tactically~*~*~ (retreating).
 13795 | Lair:5   | 13795 ||| Stepping ~*~*~tactically~*~*~ (outnumbered).
 13797 | Lair:5   | 13797 ||| INVOKING Heroism.
 13799 | Lair:5   | 13799 ||| RETREATING.
 13837 | Lair:5   | 13837 ||| FLEEEEING.
 13909 | Lair:5   | 13909 ||| READING scroll of brand weapon.
 13909 | Lair:5   | 13909 ||| BRANDING +2 arbalest of flaming.
 14022 | Lair:5   | 14022 ||| RETREATING.
 14026 | Lair:5   | 14026 ||| Stepping ~*~*~tactically~*~*~ (retreating).
 14028 | Lair:5   | 14028 ||| Stepping ~*~*~tactically~*~*~ (retreating).
 14029 | Lair:5   | 14029 ||| Stepping ~*~*~tactically~*~*~ (retreating).
 14030 | Lair:5   | 14030 ||| Stepping ~*~*~tactically~*~*~ (retreating).
 14032 | Lair:5   | 14032 ||| Stepping ~*~*~tactically~*~*~ (retreating).
 14033 | Lair:5   | 14033 ||| Stepping ~*~*~tactically~*~*~ (retreating).
 14038 | Lair:5   | 14038 ||| INVOKING Heroism.
 14057 | Lair:5   | 14057 ||| INVOKING Heroism.
 14257 | Lair:5   | 14257 ||| RETREATING.
 14258 | Lair:5   | 14258 ||| Stepping ~*~*~tactically~*~*~ (retreating).
 14259 | Lair:5   | 14259 ||| Stepping ~*~*~tactically~*~*~ (retreating).
 14260 | Lair:5   | 14260 ||| Stepping ~*~*~tactically~*~*~ (retreating).
 14261 | Lair:5   | 14261 ||| INVOKING Heroism.
 14274 | Lair:5   | HP: 22/94 [cane toad (11)]
 14275 | Lair:5   | 14275 ||| READING 3 scrolls of teleportation.
 14280 | Lair:5   | 14280 ||| READING 2 scrolls of teleportation.
 14281 | Lair:5   | 14281 ||| Stepping ~*~*~tactically~*~*~ (retreating).
 14294 | Lair:5   | 14294 ||| FLEEEEING.
 14296 | Lair:5   | 14296 ||| STAIRDANCE
 14488 | Lair:4   | 14488 ||| DRINKING 2 bubbling green potions.
 14519 | Lair:5   | 14519 ||| INVOKING Heroism.
 14529 | Lair:5   | 14529 ||| INVOKING Heroism.
 14596 | Lair:5   | Found a staircase to the Slime Pits.
 14740 | Lair:5   | Identified the +4 leather armour of the Stallion {rF+ rN+}
 14942 | Lair:5   | 14942 ||| PLANNING D:1-11
 14942 | Lair:5   | 14942 ||| UPGRADING to +4 leather armour of the Stallion
                  | {rF+ rN+}.
 14952 | Lair:5   | 14952 ||| DROPPING +2 ring mail of fire resistance.
 15098 | D:10     | Entered Level 10 of the Dungeon
 15122 | D:10     | 15122 ||| Stepping ~*~*~tactically~*~*~ (outnumbered).
 15123 | D:10     | 15123 ||| Stepping ~*~*~tactically~*~*~ (outnumbered).
 15126 | D:10     | 15126 ||| Stepping ~*~*~tactically~*~*~ (outnumbered).
 15128 | D:10     | 15128 ||| Stepping ~*~*~tactically~*~*~ (outnumbered).
 15150 | D:10     | Found a sacrificial altar of Ru.
 15210 | D:10     | Found Olulab's General Store.
 15212 | D:10     | 15212 ||| Stepping ~*~*~tactically~*~*~ (outnumbered).
 15222 | D:10     | 15222 ||| INVOKING Heroism.
 15283 | D:10     | 15283 ||| FLEEEEING.
 15284 | D:10     | 15284 ||| FLEEEEING.
 15285 | D:10     | 15285 ||| FLEEEEING.
 15412 | D:10     | 15412 ||| BUYING amulet of reflection (480 gold).
 15412 | D:10     | Bought an amulet of reflection for 480 gold pieces
 15412 | D:10     | 15412 ||| BUYING potion of haste (160 gold).
 15412 | D:10     | Bought a potion of haste for 160 gold pieces
 15412 | D:10     | 15412 ||| BUYING scroll of teleportation (48 gold).
 15412 | D:10     | Bought a scroll of teleportation for 48 gold pieces
 15441 | D:10     | Found a hazy altar of Hepliaklqana.
 15462 | D:10     | Found an ancient bone altar of Kikubaaqudgha.
 15620 | D:10     | Reached XP level 15. HP: 99/99 MP: 22/22
 15649 | D:10     | Found a glowing silver altar of Zin.
 15939 | D:10     | 15939 ||| UPGRADING to amulet of reflection.
 16078 | D:11     | 16078 ||| Stepping ~*~*~tactically~*~*~ (outnumbered).
 16328 | D:11     | 16328 ||| PLANNING D
 16328 | D:11     | 16328 ||| DROPPING amulet of guardian spirit.
 16329 | D:11     | 16329 ||| READING 8 scrolls of identify.
 16329 | D:11     | 16329 ||| IDENTIFYING murky purple potion
 16330 | D:11     | 16330 ||| DROPPING potion of berserk rage.
 16351 | D:12     | Found a staircase to the Orcish Mines.
 16383 | D:12     | Noticed Rupert
 16384 | D:12     | 16384 ||| RETREATING.
 16397 | D:12     | 16397 ||| RETREATING.
 16398 | D:12     | 16398 ||| INVOKING Heroism.
 16400 | D:12     | 16400 ||| Stepping ~*~*~tactically~*~*~ (retreating).
 16407 | D:12     | HP: 12/99 [Rupert/+2 heavy great mace (37)]
 16408 | D:12     | 16408 ||| READING 3 scrolls of teleportation.
 16408 | D:12     | Slain by Rupert

Levels and vault maps discovered:
D:1:      dpeg_arrival_court, layout_loops_ring, minmay_misc_feat_enclosed,
          amcnicky_mini_corridor_feature
D:2:      layout_loops_ring, basic_altar, serial_shops,
          nicolae_shop_back_alley_shop, minmay_fractal_squares_5
D:3:      layout_loops_cross, tgw_fedhas,
          shapermc_ecumenical_altar_mp_ritualfount
D:4:      layout_gridville, mainiacjoe_overflow_boulevard, serial_shops,
          nicolae_shop_rolled_up, uniq_ijyb
D:5:      layout_loops_ring, lightli_temple_of_fire, minmay_temple_entry_hall
D:6:      layout_basic, gammafunk_ghost_hive, st_stairs_2
D:7:      layout_rooms, old_standard_altar, serial_shops, shop,
          minmay_unpleasant_kobolds
D:8:      layout_basic, tgw_trog, gammafunk_ghost_wrathful_warriors,
          eino_tiny_chamber, uniq_psyche, uniq_maurice, uniq_pikel, uniq_joseph,
          uniq_prince_ribbit1
D:9:      layout_basic, lemuel_crystal_altar, lemuel_round_altar,
          lemuel_coloured_pillars_altar, lair_entry_dummy,
          hellmonk_ghost_big_iron
D:10:     layout_loops_ring, mainiacjoe_overflow_paths, lemuel_doored_altar,
          nicolae_hepliaklqana_hazy_memory, tgw_kikubaaqudgha, serial_shops,
          nicolae_stop_n_shop_1, serial_bayou, serial_bayou_ford_a,
          serial_bayou_pond_e, serial_bayou_pond_b, serial_bayou_shore_b
D:11:     layout_big_octagon, minmay_misc_feat_columns
D:12:     gammafunk_worm_tunnel, layout_irregular_city, orc_0_dummy, uniq_rupert
Temple:   hellmonk_temple_flake
Lair:1:   layout_roguey
Lair:2:   layout_small_grid, nicolae_swamp_entry_spooky
Lair:3:   layout_loops_ring, minmay_snake_entry_six_corridors,
          beast_lair_carwin_10, lemuel_fruit_fields
Lair:4:   wad_woods_structure_01, layout_long_grid, uniq_josephine
Lair:5:   guppyfry_lair_end_dragon, layout_regular_city,
          hangedman_lair_tendril_chambers, nicolae_slime_entry_slimehenge,
          nicolae_quartered_pool_little, infiniplex_staircase_pool_2,
          lemuel_fruit_fields

Skill      XL: |  1  2  3  4  5  6  7  8  9 10 11 12 13 14 |
---------------+-------------------------------------------+-----
Ranged Weapons | 5 7 8 11 13 14 15 17 18 | 18.0
Fighting       | 7 8 9 10 11 13 | 13.6
Armour         | 1 3 4 5 6 8 |  8.0
Dodging        | 2 4 5 7 |  7.4
Invocations    | 4 10 | 10.3
Stealth        | |  1.1

Action                     |  1- 3 |  4- 6 |  7- 9 | 10-12 | 13-15 || total
---------------------------+-------+-------+-------+-------+-------++-------
   Fire: Shortbow          |   124 |    24 |       |       |       ||   148
         Sling             |       |     4 |   254 |   352 |       ||   610
         Arbalest          |       |       |       |    55 |   819 ||   874
 Invoke: Heroism           |       |       |     7 |    11 |    22 ||    40
         Finesse           |       |       |       |       |     1 ||     1
    Use: Scroll            |     6 |     2 |     6 |    10 |    10 ||    34
         Potion            |     1 |     1 |     4 |     2 |     1 ||     9
 Armour: Leather armour    |     6 |     2 |    61 |       |    32 ||   101
         Ring mail         |       |       |    35 |   200 |   449 ||   684
  Dodge: Dodged            |     2 |       |    88 |   148 |   430 ||   668
  Block: Other             |       |       |       |       |     2 ||     2

Table legend:
 A = Non-vault XP
 B = Vault XP
 C = Vault XP percentage of total XP
 D = Non-vault monster count
 E = Vault monster count
 F = Vault count percentage of total count
                 A         B        C        D         E       F
            +---------+---------+-------+---------+---------+-------
      Total |   50597 |   25982 |  33.9 |     311 |     109 |  26.0
            +---------+---------+-------+---------+---------+-------
        D:1 |      15 |       0 |   0.0 |       7 |       0 |   0.0
        D:2 |      14 |      10 |  41.7 |       6 |       4 |  40.0
        D:3 |      30 |     542 |  94.8 |      14 |       1 |   6.7
        D:4 |     252 |      36 |  12.5 |      13 |       1 |   7.1
        D:5 |     418 |       0 |   0.0 |      13 |       0 |   0.0
        D:6 |     338 |     154 |  31.3 |       4 |       3 |  42.9
        D:7 |    1462 |      99 |   6.3 |      29 |       6 |  17.1
        D:8 |    1109 |    2301 |  67.5 |      22 |       5 |  18.5
        D:9 |    3995 |       0 |   0.0 |      27 |       0 |   0.0
       D:10 |    4023 |    1645 |  29.0 |      30 |       7 |  18.9
       D:11 |    1960 |       0 |   0.0 |      12 |       0 |   0.0
     Lair:1 |    6692 |       0 |   0.0 |      31 |       0 |   0.0
     Lair:2 |    6551 |     910 |  12.2 |      19 |       2 |   9.5
     Lair:3 |    8296 |    2216 |  21.1 |      38 |      15 |  28.3
     Lair:4 |    6461 |    4525 |  41.2 |      20 |      14 |  41.2
     Lair:5 |    8981 |   13544 |  60.1 |      26 |      51 |  66.2
            +---------+---------+-------+---------+---------+-------
